 Dungeon Crawl Stone Soup version 0.31-a0-182-gc5ef74bbde (webtiles) character file.

Game seed: 7680359082409247255

385 qw the Chopper (level 6, -15/38 HPs)
             Began as a Gargoyle Fighter on June 21, 2023.
             Killed from afar by an oklob plant (22 damage)
             ... with a splash of acid
             ... on level 4 of the Dungeon.
             The game lasted 00:01:43 (2571 turns).

qw the Chopper (Gargoyle Fighter)                   Turns: 2571, Time: 00:01:43

Health: -15/38     AC:  7    Str: 28    XL:     6   Next: 77%
Magic:  6/6        EV: 10    Int: 11    God:
Gold:   95         SH:  4    Dex:  9    Spells: 5/5 levels left

rFire   . . .        Y - +0 war axe
rCold   . . .        c - +0 buckler
rNeg    + + .        b - +0 scale mail
rPois   inf          (no helmet)
rElec   +            (no cloak)
rCorr   .            (no gloves)
SInv    .            (no boots)
Will    .....        f - amulet of regeneration Stlth
                     i - ring "Yvvuaw" {rN+ Str+6 Int+3}
HPRegen 1.06/turn    (no ring)
MPRegen 0.10/turn

%: no passive effects
@: corroded
A: sickness immunity, AC +4, negative energy resistance 1, electricity
resistance, torment resistance 1, petrification resistance
a: no special abilities


You were on level 4 of the Dungeon.
You visited 1 branch of the dungeon, and saw 4 of its levels.

You collected 119 gold pieces.
You spent 24 gold pieces at shops.


Innate Abilities, Weirdness & Mutations

You are immune to sickness and miasma.
Your stone body is resilient. (AC +4)
You are immune to poison.
You resist negative energy. (rN+)
You are resistant to electric shocks. (rElec)
You are resistant to unholy torment.
You are immune to petrification.


   Skills:
 - Level 4.1 Fighting
 + Level 5.5 Axes
 - Level 1.1 Throwing
 - Level 3.2 Armour
 - Level 1.2 Dodging
 - Level 3.2 Shields


You had 5 spell levels left.
You didn't know any spells.
Your spell library was empty.

Inventory:

Hand Weapons
 j - a +2 mace of protection
 Y - a +0 war axe (weapon)
Armour
 b - a +0 scale mail (worn)
 c - a +0 buckler (worn)
 h - a +2 scale mail of fire resistance
 k - a +0 chain mail
Jewellery
 f - an amulet of regeneration (around neck)
 i - the ring "Yvvuaw" (left hand) {rN+ Str+6 Int+3}
   (You found it on level 3 of the Dungeon)

   [ring of strength]

   Str:       It affects your strength (+6).
   Int:       It affects your intelligence (+3).
   rN:        It protects you from negative energy.
Scrolls
 e - 3 scrolls of identify
Potions
 a - a potion of attraction
 d - 2 potions of might
 g - a potion of lignification

Dungeon Overview and Level Annotations

Branches:
Dungeon (4/15)
 Temple: D:4-7

Altars:
Fedhas
Trog
Vehumet
Yredelemnul

Shops:
D:1 ?

Annotations:
D:4 1 transporter, 4 runed translucent doors


Message History

Enter note:
Enter note: You hit the plant.
The plant is lightly damaged.
You hit the fungus. You hit the fungus.
The fungus is lightly damaged.
You hit the plant. You hit the fungus.
The fungus is lightly damaged.
You hit the plant.
A nearby plant withers and dies.
A nearby fungus withers and dies.
Enter note:
Enter note: The oklob plant spits acid at you.
The splash of acid hits you! The acid corrodes you!
Enter note:
Enter note:
Enter note:
Enter note: You hit the oklob plant but do no damage.
You hit the oklob plant but do no damage.
You hit the oklob plant.
The oklob plant is lightly damaged.
You hit the oklob plant.
The oklob plant is lightly damaged.
2569 ||| RIP OSSUARY The walls and floor vibrate strangely for a moment.
The oklob plant spits acid at you. The splash of acid hits you!!
Ouch! That really hurt!
2570 ||| PLANNING D:1-11 You hit the oklob plant but do no damage.
The oklob plant is lightly damaged.
You hit the oklob plant but do no damage.
The oklob plant is lightly damaged.
The oklob plant spits acid at you. The splash of acid hits you!!
Ouch! That really hurt!
You die... ########### #PP.#PPP#P## P#PP#PP#.PPP#

PPPP#P..@.#.#
##.PPPP....P#
.....PP...PP#
~.~~..P...PP#
~.~~~.....P##
~~.~~~~...#P##
~~~.~~~~~...P.#
P.~~~~...~~~~..PPP#
..~~~~._.~~~~..PPP#


You could see an oklob plant.

Vanquished Creatures
  A black bear (D:4)
  A jelly (D:4)
  An orc priest (D:4)
  3 iguanas (D:4)
  An orc wizard (D:4)
  2 adders
  3 worms
  3 dart slugs
  10 orcs
  3 ball pythons
  9 endoplasms
  5 giant cockroaches
  4 goblins
  11 hobgoblins
  2 jackals (D:1)
  5 kobolds
  A ball python zombie (D:3)
  7 bats
  3 frilled lizards
  A giant cockroach zombie (D:3)
  2 quokka zombies (D:3)
  8 rats
86 creatures vanquished.

Notes
Turn   | Place    | Note
-------+----------+-------------------------------------------
     0 | D:1      | qw the Gargoyle Fighter began the quest for the Orb.
     0 | D:1      | Reached XP level 1. HP: 14/14 MP: 1/1
     0 | D:1      | 0 ||| qw: Version: 0.3-a-9-g12657ce
     0 | D:1      | 0 ||| qw: Game counter: 1559
     0 | D:1      | 0 ||| qw: Always use a shield: true
     0 | D:1      | 0 ||| qw: God list: Okawaru
     0 | D:1      | 0 ||| qw: Allow faded altars: false
     0 | D:1      | 0 ||| qw: Do Orc after D:15 true
     0 | D:1      | 0 ||| qw: Do second Lair branch before Depths: true
     0 | D:1      | 0 ||| qw: Lair rune preference: random
     0 | D:1      | 0 ||| qw: Plans: Normal, Zot:1-4, Slime:5, God:TSO, Crypt,
                  | Tomb, Abyss, Pan, Hells, Win
     0 | D:1      | 0 ||| PLANNING D:1-11
    31 | D:1      | 31 ||| Stepping ~*~*~tactically~*~*~ (hiding).
    41 | D:1      | Reached skill level 2 in Axes
    75 | D:1      | 75 ||| Stepping ~*~*~tactically~*~*~ (stealth).
    80 | D:1      | Reached XP level 2. HP: 19/19 MP: 2/2
   166 | D:1      | 166 ||| FLEEEEING.
   194 | D:1      | Found Vexeqat's Magic Scroll Shop.
   214 | D:1      | 214 ||| Stepping ~*~*~tactically~*~*~ (hiding).
   225 | D:1      | Reached skill level 3 in Axes
   232 | D:1      | Reached XP level 3. HP: 22/23 MP: 3/3
   267 | D:1      | 267 ||| BUYING scroll of identify (24 gold).
   267 | D:1      | Bought a scroll of identify for 24 gold pieces
   267 | D:1      | 267 ||| SHOPLISTING scroll of identify (24 gold, have 2).
   663 | D:1      | Found a faded altar of an unknown god.
   700 | D:1      | 700 ||| DRINKING 2 metallic emerald potions.
   701 | D:1      | 701 ||| READING 3 scrolls of identify.
   701 | D:1      | 701 ||| IDENTIFYING ruby potion
   702 | D:1      | 702 ||| DROPPING potion of degeneration.
   850 | D:2      | Reached skill level 1 in Throwing
   931 | D:2      | Reached XP level 4. HP: 28/28 MP: 4/4
  1342 | D:2      | 1342 ||| Stepping ~*~*~tactically~*~*~ (stealth).
  1447 | D:2      | 1447 ||| READING scroll labelled ONAOTA URUISS.
  1448 | D:2      | 1448 ||| READING 3 scrolls of identify.
  1448 | D:2      | 1448 ||| IDENTIFYING red potion
  1449 | D:2      | 1449 ||| DROPPING potion of brilliance.
  1610 | D:3      | 1610 ||| Stepping ~*~*~tactically~*~*~ (hiding).
  1669 | D:3      | Identified the ring "Yvvuaw" {rN+ Str+6 Int+3}
  1763 | D:3      | Found a radiant altar of Vehumet.
  1777 | D:3      | Reached skill level 4 in Axes
  1799 | D:3      | 1799 ||| DROPPING +0 mace.
  1890 | D:3      | Found a basalt altar of Yredelemnul.
  1941 | D:3      | 1941 ||| DROPPING orb of energy.
  1942 | D:3      | 1942 ||| UPGRADING to amulet of regeneration.
  1947 | D:3      | 1947 ||| UPGRADING to ring "Yvvuaw" {rN+ Str+6 Int+3}.
  1948 | D:3      | 1948 ||| READING 3 scrolls of identify.
  1948 | D:3      | 1948 ||| IDENTIFYING lumpy puce potion
  2000 | D:4      | 2000 ||| PLANNING OSSUARY
  2007 | D:4      | Found a transporter.
  2017 | D:4      | Reached XP level 5. HP: 32/32 MP: 5/5
  2101 | D:4      | Found a bloodstained altar of Trog.
  2114 | D:4      | Noticed a black bear
  2122 | D:4      | Killed a black bear
  2123 | D:4      | Reached skill level 5 in Axes
  2123 | D:4      | Reached XP level 6. HP: 20/37 MP: 6/6
  2151 | D:4      | Found a large runed translucent door.
  2152 | D:4      | Found a large runed translucent door.
  2154 | D:4      | Noticed a steam dragon
  2163 | D:4      | Found a large runed translucent door.
  2163 | D:4      | Found a large runed translucent door.
  2239 | D:4      | HP: 2/37 [iguana (11)]
  2242 | D:4      | Reached skill level 1 in Dodging
  2257 | D:4      | 2257 ||| Stepping ~*~*~tactically~*~*~ (stealth).
  2261 | D:4      | 2261 ||| Stepping ~*~*~tactically~*~*~ (stealth).
  2423 | D:4      | 2423 ||| Stepping ~*~*~tactically~*~*~ (stealth).
  2533 | D:4      | Found a blossoming altar of Fedhas.
  2547 | D:4      | Noticed an oklob plant
  2569 | D:4      | 2569 ||| RIP OSSUARY
  2569 | D:4      | HP: 5/38 [oklob plant/splash of acid (24)]
  2570 | D:4      | 2570 ||| PLANNING D:1-11
  2571 | D:4      | Killed from afar by an oklob plant

Levels and vault maps discovered:
D:1:      co_arrival_random_square_maze, layout_rooms, serial_shops,
          nicolae_shop_waterfront, shapermc_ecumenical_altar_mp_vishouse,
          minmay_3d_cube
D:2:      layout_basic
D:3:      layout_rooms, nicolae_vehumet_radiance,
          nicolae_yredelemnul_corpse_copse
D:4:      gammafunk_cloud_chamber, layout_loops_cross, tgw_fedhas,
          grunt_dithmenos_smoke_and_mirrors, mainiacjoe_overflow_24_doors,
          minmay_temple_entry_ruins, nicolae_ossuary_entry_monument,
          minmay_hollow_rounded_squares, uniq_blork_the_orc

Skill      XL: |  1  2  3  4  5  6 |
---------------+-------------------+-----
Axes           | 2 3 4 5 |  5.5
Throwing       | 1 |  1.1
Dodging        | 1 |  1.2
Fighting       | 4 |  4.1
Armour         | |  3.2
Shields        | |  3.2

Action                     |  1- 3 |  4- 6 || total
---------------------------+-------+-------++-------
  Melee: War axe           |   114 |   181 ||   295
  Throw: Javelin           |    16 |     6 ||    22
    Use: Scroll            |     1 |     3 ||     4
         Potion            |     1 |       ||     1
 Armour: Scale mail        |    75 |    75 ||   150
  Dodge: Dodged            |    53 |    66 ||   119
  Block: Buckler           |    26 |    30 ||    56

Table legend:
 A = Non-vault XP
 B = Vault XP
 C = Vault XP percentage of total XP
 D = Non-vault monster count
 E = Vault monster count
 F = Vault count percentage of total count
                 A         B        C        D         E       F
            +---------+---------+-------+---------+---------+-------
      Total |     423 |     128 |  23.2 |      73 |      13 |  15.1
            +---------+---------+-------+---------+---------+-------
        D:1 |      52 |       4 |   7.1 |      27 |       3 |  10.0
        D:2 |      50 |       0 |   0.0 |      19 |       0 |   0.0
        D:3 |      31 |       4 |  11.4 |      13 |       4 |  23.5
        D:4 |     290 |     120 |  29.3 |      14 |       6 |  30.0
            +---------+---------+-------+---------+---------+-------
